 Dungeon Crawl Stone Soup version 0.24.1-11-gbbbb2193e6 (webtiles) character file.

Game seed: 3836336414075393857, levelgen mode: deterministic

93 Hugehornet the Insei (level 4, -5/28 HPs)
             Began as an Octopode Transmuter on May 14, 2020.
             Slain by an orc
             ... wielding a +0 club
              (7 damage)
             ... on level 3 of the Dungeon.
             The game lasted 00:03:22 (2448 turns).

Hugehornet the Insei (Octopode Transmuter)          Turns: 2448, Time: 00:03:22

Health: -5/28      AC:  1    Str:  9    XL:     4   Next: 62%
Magic:  7/8        EV: 13    Int: 16    God:
Gold:   78         SH:  0    Dex: 12    Spells: 2/8 levels left

rFire    . . .     SeeInvis .     - Unarmed
rCold    . . .     Gourm    .   (no shield)
rNeg     . . .     Faith    .   (helmet restricted)
rPois    .         Spirit   .   (no amulet)
rElec    .         Reflect  .   l - ring of resist corrosion
rCorr    +         Harm     .   (no ring)
MR       .....                  (no ring)
Stlth    ++........             (no ring)
HPRegen  0.09/turn              (no ring)
MPRegen  0.11/turn              (no ring)
                                (no ring)
                                (no ring)

@: appendage
A: almost no armour, stealthy swim, amphibious, 8 rings, constrict 8, tentacle
spike 3, camouflage 1, screaming 1, wild magic 1, gelatinous body 1
a: End Transformation


You were on level 3 of the Dungeon.
You were not hungry.
One of your tentacles had a temporary spike.
You visited 1 branch of the dungeon, and saw 3 of its levels.

You collected 78 gold pieces.

Inventory:

Missiles
 a - 36 arrows
Jewellery
 l - a ring of resist corrosion (left tentacle)
Scrolls
 b - 2 scrolls of teleportation
 d - a scroll of blinking {unknown}
 h - a scroll of enchant weapon {unknown}
 i - 2 scrolls of remove curse {unknown}
 j - a scroll of immolation {unknown}
Potions
 g - a potion of heal wounds
 k - a potion of might {unknown}
 m - a potion of lignification {unknown}
 n - a potion of agility {unknown}
Comestibles
 c - 5 rations


   Skills:
 - Level 1.0 Fighting
 - Level 2.0 Dodging
 + Level 3.3 Unarmed Combat
 + Level 2.8 Spellcasting
 - Level 3.0 Transmutations
 * Level 2.3 Poison Magic


You had 2 spell levels left.
You knew the following spells:

 Your Spells              Type           Power        Failure   Level  Hunger
a - Beastly Appendage     Tmut           ###...       9%          1    #......
b - Sticks to Snakes      Tmut           ###.....     13%         2    ##.....
c - Spider Form           Tmut/Pois      ##........   26%         3    ###....

Your spell library contained the following spells:

 Spells                   Type           Power        Failure   Level  Hunger
 Ice Form                 Ice/Tmut       #.......     78%         4    #####..
 Blade Hands              Tmut           ###.......   88%         5    ######.


Dungeon Overview and Level Annotations

Branches:
Dungeon (3/15)

Altars:
The Shining One


Innate Abilities, Weirdness & Mutations

You cannot wear most types of armour.
You are very stealthy in the water. (Stealth+)
You are amphibious.
You can wear up to eight rings at the same time.
You can use your tentacles to constrict eight enemies at once.
Your skin changes colour to match your surroundings (Stealth+).
Your rubbery body absorbs attacks. (AC +1, EV +1)
One of your tentacles bears a large vicious spike.
You occasionally shout uncontrollably at your foes.
Your spells are a little harder to cast, but a little more powerful.


Message History

You constrict the orc, but do no damage.
The orc barely misses you.
You tentacle-slap the orc but do no damage.
The orc is heavily wounded.
You constrict the orc. The orc hits you with a +0 dagger.
* * * LOW HITPOINT WARNING * * *
All of the chunks of flesh in your inventory have rotted away.
Casting: Beastly Appendage (safe; 9% risk of failure)
Confirm with . or Enter, or press ? or * to list all spells.
One of your tentacles grows a vicious spike.
You constrict the orc, but do no damage.
The orc hits you with a +0 dagger.
* * * LOW HITPOINT WARNING * * *
You tentacle-slap the orc but do no damage.
You pierce the orc.
You kill the orc!
You closely miss the orc. You grab the orc.
You pierce the orc.
The orc is lightly wounded.
You constrict the orc. The orc hits you with a +0 club!
You die...

.# #.# ##..# ###... .#..# ...
#o# #### #@# #####... #. #.#
##.....). #.# #.# ###........
#.# #.# ##<......... #.# #.#
##..÷.....(..
#######.#####.####..#÷....(...
##(....#.........÷..##.........
##................).###...(.(...
#.........<.........# ##........


You could see an orc.

Vanquished Creatures
  3 adders
  An ooze (D:1)
  A worm (D:2)
  5 orcs (D:3)
  2 giant cockroaches
  9 hobgoblins
  3 jackals (D:1)
  9 bats
  2 frilled lizards
  7 goblins
  6 kobolds
  5 rats
53 creatures vanquished.

Notes
Turn   | Place    | Note
-------+----------+-------------------------------------------
     0 | D:1      | Hugehornet the Octopode Transmuter began the quest for the
                  | Orb.
     0 | D:1      | Reached XP level 1. HP: 13/13 MP: 3/3
   268 | D:1      | Found a glowing golden altar of the Shining One.
   275 | D:1      | Reached XP level 2. HP: 18/18 MP: 3/5
   327 | D:1      | Learned a level 2 spell: Sticks to Snakes
   690 | D:1      | Reached XP level 3. HP: 15/23 MP: 4/6
   697 | D:1      | Learned a level 3 spell: Spider Form
  1476 | D:1      | Reached skill level 1 in Poison Magic
  1747 | D:2      | Reached XP level 4. HP: 27/28 MP: 6/8
  2259 | D:3      | Gained mutation: Your natural rate of healing is unusually
                  | fast. [potion of mutation]
  2259 | D:3      | Gained mutation: Your system is resistant to poisons.
                  | (rPois) [potion of mutation]
  2260 | D:3      | Lost mutation: Your natural rate of healing is unusually
                  | fast. [potion of mutation]
  2260 | D:3      | Lost mutation: Your system is resistant to poisons. (rPois)
                  | [potion of mutation]
  2260 | D:3      | Gained mutation: You are weak. (Str -2) [potion of
                  | mutation]
  2260 | D:3      | Lost mutation: You are weak. (Str -2) [potion of mutation]
  2261 | D:3      | Gained mutation: You occasionally shout uncontrollably at
                  | your foes. [potion of mutation]
  2261 | D:3      | Gained mutation: Your spells are a little harder to cast,
                  | but a little more powerful. [potion of mutation]
  2448 | D:3      | Slain by an orc

Levels and vault maps discovered:
D:1:      nzn_arrival_settlement, layout_loops_corners,
          chequers_serial_rivers_room_a, minmay_stone_trees_medium,
          tso_metal_star
D:2:      layout_rooms, first_ration
D:3:      kennysheep_six_static_rooms, layout_rooms,
          nicolae_overflow_hidden_temple, uniq_crazy_yiuf_cottage

Skill      XL: |  1  2  3  4 |
---------------+-------------+-----
Transmutations | 3 |  3.0
Poison Magic   | 1 2 |  2.3
Fighting       | |  1.0
Dodging        | |  2.0
Unarmed Combat | |  3.3
Spellcasting   | |  2.8

Action                   |  1- 3 |  4- 6 || total
-------------------------+-------+-------++-------
Melee: Unarmed           |    83 |    48 ||   131
       Kick              |    17 |    10 ||    27
       Tentacles         |    16 |     5 ||    21
       Constrict         |    29 |    15 ||    44
       Punch             |     4 |       ||     4
 Cast: Beastly Appendage |    25 |     8 ||    33
  Use: Scroll            |       |     4 ||     4
       Potion            |       |     4 ||     4
 Stab: Sleeping          |     3 |     1 ||     4
  Eat: Chunk             |     3 |     2 ||     5
Armor: Skin              |     5 |     6 ||    11
Dodge: Dodged            |    58 |    38 ||    96
